 Dungeon Crawl Stone Soup version 0.30-a0-777-ga9a30cbeda (webtiles) character file.

Game seed: 12350904528732646711

255724 Iich the Axe Maniac (level 19, -1/202 HPs)
             Began as a Hill Orc Fighter on Feb 13, 2023.
             Was an Initiate of Gozag.
             Killed from afar by an air elemental (5 damage)
             ... with a stunning burst
             ... summoned by Sojobo
             ... on level 2 of the Vaults.
             The game lasted 01:00:40 (31723 turns).

Iich the Axe Maniac (Hill Orc Fighter)             Turns: 31723, Time: 01:00:41

Health: -1/202     AC: 36    Str: 22    XL:     19   Next: 79%
Magic:  19/19      EV: 12    Int:  7    God:    Gozag
Gold:   5381       SH: 17    Dex: 24    Spells: 18/18 levels left

rFire   + . .      SeeInvis .    G - +9 broad axe (vamp)
rCold   . . .      Faith    .    t - +2 kite shield {rPois}
rNeg    + + .      Spirit   .    m - +18 Lear's hauberk
rPois   +          Reflect  .    (helmet currently unavailable)
rElec   .          Harm     .    C - +2 cloak
rCorr   +          Rampage  .    (gloves currently unavailable)
Will    ++...                    (boots currently unavailable) Stlth
                                 O - amulet "Exam" {rN++ Regen+ rCorr Stlth-}
HPRegen 1.33/turn                E - +6 ring of dexterity
MPRegen 0.16/turn                u - +5 ring of evasion

@: about to teleport, on berserk cooldown, slowed, very slow
A: claws 1, iridescent scales 1, agile 1, fire resistance 1, strong-willed 1
}: 2/15 runes: decaying, serpentine
a: Renounce Religion, Potion Petition, Call Merchant, Bribe Branch


You were on level 2 of the Vaults.
You worshipped Gozag.
Gozag was greatly pleased with you.
You visited 6 branches of the dungeon, and saw 32 of its levels.
You visited the Abyss 1 time.
You also visited: Gauntlet and Ice Cave.

You collected 14030 gold pieces.
You spent 3571 gold pieces at shops.
You paid 5078 gold pieces to Gozag.

Inventory:

Hand Weapons
 G - a +9 vampiric broad axe (weapon)
Missiles
 e - 6 curare-tipped darts (quivered)
 L - 2 throwing nets
Armour
 a - the +0 pair of boots "Faecsefa" {+Inv Int+3 Stlth+}
   (You bought it in a shop on level 1 of the Orcish Mines)

   Int:       It affects your intelligence (+3).
   +Inv:      It lets you turn invisible.
   Stlth:     It makes you more stealthy.
 f - a +0 plate armour
 i - a +2 helmet
 k - the +1 pair of gloves of the Equinox {rF+ rN+}
   (You found it in an ice cave)

   rF:        It protects you from fire.
   rN:        It protects you from negative energy.
 m - the +18 Lear's hauberk (worn)
   (You found it on level 2 of the Dungeon)
 t - a +2 kite shield of poison resistance (worn)
 A - the +2 pair of gloves of the Echidna {rElec Will+}
   (You found it on level 5 of the Dungeon)

   rElec:     It insulates you from electricity.
   Will:      It increases your willpower.
 C - a +2 cloak (worn)
 U - the +0 ice dragon scales of the Manifold Artisans {rF- rC++ Stlth+}
   (You bought it in a shop on level 2 of the Orcish Mines)

   rF:        It makes you vulnerable to fire.
   rC:        It greatly protects you from cold.
   Stlth:     It makes you more stealthy.
 X - a +1 kite shield of protection
Jewellery
 b - a +4 ring of protection
 j - a ring of see invisible
 u - a +5 ring of evasion (right claw)
 E - a +6 ring of dexterity (left claw)
 O - the amulet "Exam" (around neck) {rN++ Regen+ rCorr Stlth-}
   (You found it in an ice cave)

   [amulet of regeneration]

   rN:        It greatly protects you from negative energy.
   Regen:     It increases your rate of health regeneration.
   rCorr:     It protects you from acid and corrosion.
   Stlth:     It makes you less stealthy.
 S - a ring of positive energy
 W - a ring of protection from fire
 Y - a ring of willpower
Wands
 q - a wand of flame (100)
 y - a wand of mindburst (52)
 z - a wand of digging (11)
 H - a wand of acid (26)
 M - a wand of paralysis (6)
 Q - a wand of iceblast (9)
Scrolls
 g - 5 scrolls of fog
 o - a scroll of immolation
 r - 2 scrolls of brand weapon
 B - 4 scrolls of fear
 D - 4 scrolls of enchant armour
 F - 11 scrolls of teleportation
 I - 3 scrolls of summoning
 J - 3 scrolls of magic mapping
 V - 4 scrolls of blinking
 Z - a scroll of poison
Potions
 d - 5 potions of might
 h - 3 potions of heal wounds
 n - 9 potions of curing
 p - a potion of invisibility
 s - 2 potions of ambrosia
 v - 4 potions of resistance
 x - 5 potions of flight
 K - 3 potions of haste
 N - a potion of magic
 P - 4 potions of mutation
 R - 5 potions of cancellation
 T - a potion of berserk rage
Miscellaneous
 c - a box of beasts
 l - a phial of floods
 w - a lightning rod (4/4)


   Skills:
 * Level 25.3 Fighting
 O Level 27 Axes
 + Level 13.4 Armour
 + Level 15.0 Shields


You had 18 spell levels left.
You didn't know any spells.
Your spell library contained the following spells:

 Spells                   Type           Power      Damage    Failure   Level
 Foxfire                  Conj/Fire      0%         2x1d4     99%         1
 Freeze                   Ice            0%         1d3       99%         1
 Magic Dart               Conj           0%         1d3       99%         1
 Slow                     Hex            0%         N/A       99%         1
 Blink                    Tloc           0%         N/A       99%         2
 Cigotuvi's Dreadful Rot  Necr/Pois/Air  0%         N/A       99%         2
 Lesser Beckoning         Tloc           0%         N/A       99%         2
 Scorch                   Fire           0%         2d5       99%         2
 Searing Ray              Conj           0%         2d4       99%         2
 Static Discharge         Conj/Air       0%         2-2/arc   99%         2
 Sublimation of Blood     Necr           0%         N/A       99%         2
 Wereblood                Tmut           0%         N/A       99%         2
 Confusing Touch          Hex            0%         N/A       100%        3
 Frozen Ramparts          Ice            0%         1d1       100%        3
 Gell's Gravitas          Tloc           0%         N/A       100%        3
 Hailstorm                Conj/Ice       0%         3d3       100%        3
 Ignite Poison            Fire/Tmut/Pois 0%         N/A       100%        3
 Kindle Blastsparks       Fire/Tloc/Air  0%         2d10      100%        3
 Ozocubu's Armour         Ice            0%         N/A       100%        3
 Portal Projectile        Hex/Tloc       0%         N/A       100%        3
 Stone Arrow              Conj/Erth      0%         3d7       100%        3
 Teleport Other           Tloc           0%         N/A       100%        3
 Tukima's Dance           Hex            0%         N/A       100%        3
 Vampiric Draining        Necr           0%         2d6       100%        3
 Vhi's Electric Charge    Tloc/Air       0%         N/A       100%        3
 Airstrike                Air            0%         2d(0-16)  100%        4
 Animate Armour           Summ/Erth      0%         N/A       100%        4
 Dispel Undead            Necr           0%         3d6       100%        4
 Flame Wave               Conj/Fire      0%         2d4       100%        4
 Fulminant Prism          Conj/Hex       0%         3d5       100%        4
 Iskenderun's Mystic Bla  Conj/Tloc      0%         2d3       100%        4
 Manifold Assault         Tloc           0%         N/A       100%        4
 Petrify                  Tmut/Erth      0%         N/A       100%        4
 Summon Lightning Spire   Summ/Air       0%         N/A       100%        4
 Alistair's Intoxication  Tmut/Pois      0%         N/A       100%        5
 Arcjolt                  Conj/Air       0%         1d10      100%        5
 Blade Hands              Tmut           0%         N/A       100%        5
 Borgnjor's Vile Clutch   Necr/Erth      0%         N/A       100%        5
 Freezing Cloud           Conj/Ice/Air   0%         6-21      100%        5
 Irradiate                Conj/Tmut      0%         3d11      100%        5
 Lee's Rapid Deconstruct  Erth           0%         3d4*      100%        5
 Lightning Bolt           Conj/Air       0%         1d11      100%        5
 Metabolic Englaciation   Hex/Ice        0%         N/A       100%        5
 Death Channel            Necr           0%         N/A       100%        6
 Eringya's Noxious Bog    Tmut/Pois      0%         N/A       100%        6
 Statue Form              Tmut/Erth      0%         N/A       100%        6
 Haunt                    Necr/Summ      0%         N/A       100%        7
 Ozocubu's Refrigeration  Ice            0%         4d7       100%        7
 Storm Form               Tmut/Air       0%         N/A       100%        7
 Summon Hydra             Summ           0%         N/A       100%        7
 Infestation              Necr           0%         N/A       100%        8
 Lehudib's Crystal Spear  Conj/Erth      0%         10d2      100%        8
 Maxwell's Capacitive Co  Air            0%         ∞         100%        8
 Chain Lightning          Conj/Air       0%         N/A       100%        9
 Fire Storm               Conj/Fire      0%         5d1       100%        9
 Shatter                  Erth           0%         3d5*      100%        9
 Animate Dead             Necr           Unusable   N/A       N/A         4

Dungeon Overview and Level Annotations

Branches:
Dungeon (15/15)            Temple (0/1) D:4            Lair (5/5) D:9
  Swamp (4/4) Lair:3        Snake (4/4) Lair:2        Slime (0/5) Lair:5
    Orc (2/2) D:9             Elf (0/3) Orc:2        Vaults (2/5) D:13
 Depths (0/4) D:15          IceCv (visited)         Gauntlet (visited)
  Crypt: Vaults:2-3

Altars:
Dithmenos
Elyvilon
Gozag
Hepliaklqana
Makhleb
Nemelex Xobeh
Qazlal
Ru
Sif Muna
Vehumet
Xom
Yredelemnul
Zin
The Shining One
Beogh
Jiyva

Shops:
D:3 (   D:5 (   D:8 (   Orc:1 [   Orc:2 **?*   Snake:2 [*   Vaults:1 (

Portals:
Trove: D:15 (give +5 ice dragon scales)

Annotations:
D:7 2 transporters, deadpool521's ghost, novice HOFi
Vaults:2 Sojobo


Innate Abilities, Weirdness & Mutations

You have sharp fingernails.
You are partially covered in iridescent scales. (AC +2)
You are agile. (Dex +4, Str/Int -1)
Your flesh is heat resistant. (rF+)
You are strong-willed. (Will+)


Message History

The stunning burst hits you but does no damage.
You shrug off the repeated paralysis!
Sojobo hits you with a +0 great sword of electrocution.
You are electrocuted!
* * * LOW HITPOINT WARNING * * *
Sojobo pecks you.
* * * LOW HITPOINT WARNING * * *
Sojobo misses you. The air elemental barely misses you.
The air elemental fires a burst of electricity at you.
The stunning burst hits you.
You shrug off the repeated paralysis!
* * * LOW HITPOINT WARNING * * *
Sojobo hits you with a +0 great sword of electrocution!!
* * * LOW HITPOINT WARNING * * *
You block Sojobo's attack. Sojobo claws you.
* * * LOW HITPOINT WARNING * * *
As you read the scroll of teleportation, it crumbles to dust.
You feel strangely unstable.
The air elemental fires a burst of electricity at you.
The stunning burst hits you.
You shrug off the repeated paralysis!
* * * LOW HITPOINT WARNING * * *
You block the air elemental's attack. x3
The air elemental fires a burst of electricity at you.
The stunning burst hits you!
You shrug off the repeated paralysis!
* * * LOW HITPOINT WARNING * * *
The air elemental hits you but does no damage.
Sojobo casts a spell at you. The bolt of lightning hits you!!!
* * * LOW HITPOINT WARNING * * *
You block the air elemental's attack. The air elemental closely misses you.
You hear a shout!
Blink to where?
Press: ? - help, Q - select action, (/) - cycle Dir - move target
As you read the scroll of blinking, it crumbles to dust.
The air elemental fires a burst of electricity at you.
The stunning burst hits you!
You shrug off the repeated paralysis!
* * * LOW HITPOINT WARNING * * *
The air elemental fires a burst of electricity at you.
The stunning burst hits you.
You shrug off the repeated paralysis!
You die...
Your body crumbles into a pile of gold.

#..........#
#..........#
#.....$....#
#..........#
#......EQ$.#
#.....$E$$$####
#.....$.$........
#...########.....
#.@.# .... #...+
... #...# ..
#...# . #...#
#####...#
........#######
...............
........#########


You could see Sojobo (repels missiles) and 2 air elementals.

Vanquished Creatures
  Vashnia (Snake:4)
  the Lernaean hydra (Swamp:4)
  A tentacled starspawn (Abyss:2)
  2 azure jellies (IceCv)
  Donald (Orc:2)
  6 nagarajas
  Louise (Swamp:2)
  4 ghouls
  3 vault wardens
  Aizul (Vaults:2)
  An ironbound preserver (D:13)
  An orc warlord (Orc:2)
  An eleionoma (Swamp:4)
  The ghost of bmack86 the Severer, a journeyman MiFi of Okawaru (Lair:5)
  A very ugly thing (Vaults:1)
  8 bunyips
  A minotaur (Gauntlet)
  5 dire elephants
  Snorg (D:12)
  2 ettins
  A shambling mangrove (Swamp:4)
  A great orb of eyes (D:15)
  3 vault guards (Vaults:2)
  An ice dragon (Orc:2)
  2 rakshasas
  19 hydras
  Erolcha (D:12)
  3 yaktaur captains (Vaults:1)
  2 salamander tyrants
  A peacekeeper (Vaults:1)
  2 ghost crabs (Swamp:2)
  11 anacondas
  5 catoblepae
  An ogre mage (D:15)
  A death knight (D:10)
  7 alligators
  2 ironbound frosthearts (Vaults:2)
  12 centaur warriors
  2 tengu warriors (D:12)
  2 boulder beetles
  11 naga warriors
  13 death yaks
  10 two-headed ogres
  A thrashing horror (Abyss:2)
  5 spriggans
  10 shock serpents
  11 naga sharpshooters
  2 wretched stars (Abyss:2)
  A sixfirhy (Abyss:2)
  5 skeletal warriors (D:12)
  6 goliath frogs
  2 skysharks
  A salamander mystic (Snake:4)
  13 bog bodies
  A spriggan druid (Swamp:2)
  A death drake (Swamp:2)
  3 deep trolls (Vaults:2)
  An obsidian statue (Snake:1)
  A wizard (D:12)
  A lindwurm (Vaults:1)
  10 swamp dragons
  6 naga ritualists
  3 ironbound convokers
  3 orc knights
  3 deep elf zephyrmancers (Orc:2)
  7 mana vipers
  8 deep elf pyromancers
  7 cyclopes
  21 ugly things
  6 manticores
  6 will-o-the-wisps
  A worldbinder (Abyss:2)
  A shining eye (shapeshifter) (D:12)
  A moth of wrath (Gauntlet)
  2 ice statues (IceCv)
  Maurice (D:12)
  16 salamanders
  Joseph (D:10)
  35 black mambas
  10 elephants
  7 guardian serpents
  14 naga magi
  An orange demon (Abyss:2)
  2 vault sentinels (Vaults:1)
  10 cane toads
  A gargoyle (D:12)
  A torpor snail (Lair:1)
  Maggie (D:9)
  2 smoke demons (Abyss:2)
  Psyche (D:11)
  3 komodo dragons
  2 unseen horrors
  A kobold demonologist (D:12)
  A rime drake (Lair:2)
  An ice devil (Gauntlet)
  7 yaktaurs (Vaults:1)
  An ancient zyme (Abyss:2)
  3 tengu conjurers
  The ghost of CrabNicholson the Chopper, an amateur HORe of Yredelemnul (D:4)
  A bloated husk (Swamp:1)
  3 meliai (D:14)
  13 tyrant leeches
  Prince Ribbit (D:5)
  9 trolls
  2 polar bears (Orc:2)
  5 small abominations (Abyss:2)
  8 hornets
  19 blink frogs
  A dream sheep (shapeshifter) (D:15)
  Grinder (D:3)
  A raiju (Abyss:2)
  8 dream sheep
  47 slime creatures
  4 flying skulls (Abyss:2)
  A slime creature (shapeshifter) (D:15)
  A spriggan (shapeshifter) (D:15)
  Eustachio (D:5)
  5 shadows
  4 wraiths
  5 wyverns
  A human (shapeshifter) (D:12)
  3 steam dragons
  53 yaks
  5 humans (D:11)
  4 basilisks
  A neqoxec (Abyss:2)
  7 vampire mosquitoes
  2 wargs (Orc:2)
  13 swamp worms
  2 large abominations
  An acid dragon (D:12)
  41 nagas
  14 water moccasins
  4 black bears
  10 swamp drakes
  A sky beast (D:8)
  2 ice beasts
  9 ogres
  26 orc warriors
  4 great orb of eyes simulacra (IceCv)
  14 centaurs
  8 wolves
  3 slime creature simulacra (IceCv)
  8 kobold brigands
  16 bullfrogs
  A gnoll sergeant (D:8)
  3 glowing shapeshifter simulacra (IceCv)
  2 necrophages (Swamp:3)
  7 scorpions
  6 wights
  13 killer bees
  2 howler monkeys
  4 lava snakes
  A jelly (D:8)
  7 hounds
  A quasit (Abyss:2)
  A gnoll bouda (D:4)
  14 orc priests
  6 starcursed masses (Abyss:2)
  Jessica (D:3)
  2 iguanas
  Ijyb (D:5)
  18 orc wizards
  4 shapeshifter simulacra (IceCv)
  16 gnolls
  8 adders
  8 white imps
  5 worms
  2 dart slugs (D:3)
  102 orcs
  9 ball pythons
  5 endoplasms
  2 giant cockroaches
  5 goblins
  8 hobgoblins
  7 jackals
  4 quokkas
  3 training dummies (D:8)
  4 bats
  2 frilled lizards
  30 kobolds
  5 rats
  2 starspawn tentacles (Abyss:2)
1142 creatures vanquished.

Vanquished Creatures (collateral kills)
  An orc (Orc:2)
1 creature vanquished.

Vanquished Creatures (others)
  A nagaraja (Snake:4)
  A naga sharpshooter (Snake:4)
  2 goliath frogs (Swamp:2)
  A spriggan druid (Swamp:2)
  A bog body (Swamp:4)
  A wizard (Vaults:1)
  2 bloated husks
  A swamp worm (Swamp:2)
  A wolf (Orc:2)
  An orc (D:9)
  A jackal (D:11)
  A quokka (D:8)
  4 demonic plants (Gauntlet)
  48 foxfires
  65 fungi
  A lurking horror (Abyss:2)
  67 plants
  3 starspawn tentacles (Abyss:2)
202 creatures vanquished.

Grand Total: 1345 creatures vanquished

Notes
Turn   | Place    | Note
-------+----------+-------------------------------------------
     0 | D:1      | Iich the Hill Orc Fighter began the quest for the Orb.
     0 | D:1      | Reached XP level 1. HP: 19/19 MP: 1/1
   142 | D:1      | Reached skill level 3 in Axes
   222 | D:1      | Reached XP level 2. HP: 24/27 MP: 2/2
   880 | D:2      | Reached skill level 4 in Axes
   894 | D:2      | Reached XP level 3. HP: 24/33 MP: 3/3
   947 | D:2      | Found the +18 Lear's hauberk
  1329 | D:3      | Found a sacrificial altar of Ru.
  1336 | D:3      | Found Taiclusm's Antique Weapon Boutique.
  1375 | D:3      | Found a faded altar of an unknown god.
  1394 | D:3      | Noticed Jessica
  1398 | D:3      | Reached XP level 4. HP: 35/41 MP: 4/4
  1400 | D:3      | Reached skill level 5 in Axes
  1402 | D:3      | Killed Jessica
  1524 | D:3      | Reached XP level 5. HP: 47/47 MP: 5/5
  1549 | D:3      | Noticed Grinder
  1562 | D:3      | Paralysed by Grinder for 4 turns
  1570 | D:3      | Killed Grinder
  1571 | D:3      | Reached skill level 5 in Fighting
  1571 | D:3      | Reached skill level 6 in Axes
  1571 | D:3      | Reached XP level 6. HP: 54/56 MP: 6/6
  1746 | D:3      | Found a stormy altar of Qazlal.
  1748 | D:3      | Noticed a fire elemental
  1748 | D:3      | Noticed an air elemental
  1749 | D:3      | Noticed a water elemental
  1898 | D:4      | Noticed a black bear
  1915 | D:4      | Killed a black bear
  1916 | D:4      | Reached skill level 7 in Axes
  1982 | D:4      | Reached XP level 7. HP: 61/61 MP: 7/7
  2002 | D:4      | Reached skill level 5 in Armour
  2230 | D:4      | Reached skill level 8 in Axes
  2347 | D:4      | Found a shimmering altar of Xom.
  2348 | D:4      | You fall into a shaft and drop 2 floors!
  2548 | D:6      | Reached XP level 8. HP: 27/67 MP: 8/8
  2904 | D:6      | Found an opulent altar of Gozag.
  2904 | D:6      | Found a sparkling altar of Nemelex Xobeh.
  2911 | D:6      | Became a worshipper of Gozag Ym Sagoz the Greedy
  2993 | D:6      | Reached skill level 9 in Axes
  2999 | D:5      | Entered Level 5 of the Dungeon
  3020 | D:5      | Identified the +2 pair of gloves of the Echidna {rElec
                  | Will+}
  3251 | D:4      | Found a staircase to the Ecumenical Temple.
  3297 | D:4      | Found a runed translucent gate.
  3297 | D:4      | Noticed CrabNicholson's ghost (amateur HORe)
  3298 | D:4      | Found a runed translucent gate.
  3299 | D:4      | Found a runed translucent gate.
  3299 | D:4      | Identified the +1 ring mail of the Apothecary {+Inv rElec
                  | rN+ Dex-2}
  3521 | D:4      | Found a glowing silver altar of Zin.
  3531 | D:4      | Reached skill level 10 in Axes
  3549 | D:4      | Identified the +1 leather armour of Wisdom {Will+}
  3556 | D:4      | Found a shadowy altar of Dithmenos.
  3631 | D:4      | Found a roughly hewn altar of Beogh.
  3651 | D:4      | Killed CrabNicholson's ghost
  3873 | D:5      | Noticed Ijyb
  3882 | D:5      | Reached XP level 9. HP: 57/79 MP: 9/9
  3882 | D:5      | Killed Ijyb
  3988 | D:5      | Reached skill level 11 in Axes
  4056 | D:5      | Noticed Prince Ribbit
  4069 | D:5      | Killed Prince Ribbit
  4152 | D:5      | Found Keduil's Antique Weapon Shop.
  4536 | D:5      | Noticed Eustachio
  4543 | D:5      | Killed Eustachio
  4885 | D:6      | Reached skill level 12 in Axes
  5313 | D:7      | Found a transporter.
  5316 | D:7      | Noticed deadpool521's ghost (novice HOFi)
  5318 | D:7      | Noticed a moth of wrath
  5320 | D:7      | Noticed a catoblepas
  5348 | D:7      | Found a transporter.
  5587 | D:8      | Reached XP level 10. HP: 89/91 MP: 10/10
  5588 | D:8      | Reached skill level 13 in Axes
  5971 | D:8      | Paralysed by a kobold for 4 turns
  6098 | D:8      | Found Loagg's Firing Range.
  6157 | D:8      | Noticed a two-headed ogre
  6163 | D:8      | Killed a two-headed ogre
  6164 | D:8      | Reached skill level 10 in Fighting
  6164 | D:8      | Reached skill level 14 in Axes
  6377 | D:8      | Found a white marble altar of Elyvilon.
  7064 | D:9      | Noticed a two-headed ogre
  7081 | D:9      | Killed a two-headed ogre
  7082 | D:9      | Reached skill level 15 in Axes
  7269 | D:9      | Found a shimmering blue altar of Sif Muna.
  7324 | D:9      | Found a staircase to the Lair.
  7481 | D:9      | Found a staircase to the Orcish Mines.
  7496 | D:9      | Reached XP level 11. HP: 101/101 MP: 11/11
  7686 | D:9      | Reached skill level 16 in Axes
  7805 | D:9      | Noticed Maggie
  7819 | D:9      | Killed Maggie
  8158 | D:9      | Found a burning altar of Makhleb.
  8158 | D:9      | Found a hazy altar of Hepliaklqana.
  8261 | D:10     | Entered Level 10 of the Dungeon
  8332 | D:10     | Noticed a boulder beetle
  8360 | D:10     | Killed a boulder beetle
  8602 | D:10     | Noticed Joseph
  8613 | D:10     | Killed Joseph
  8660 | D:10     | Noticed a death knight
  8672 | D:10     | Killed a death knight
  8673 | D:10     | Reached skill level 17 in Axes
  9191 | D:10     | Noticed a two-headed ogre
  9197 | D:10     | Killed a two-headed ogre
  9334 | D:10     | Found a radiant altar of Vehumet.
  9813 | Lair:1   | Entered Level 1 of the Lair of Beasts
 10018 | Lair:1   | Reached skill level 18 in Axes
 10339 | Lair:1   | Noticed a death yak
 10347 | Lair:1   | Killed a death yak
 10353 | Lair:1   | Reached XP level 12. HP: 113/113 MP: 12/12
 10602 | Lair:2   | Reached skill level 19 in Axes
 10688 | Lair:2   | Noticed an eight-headed hydra
 10711 | Lair:2   | Killed a 19-headed hydra
 10776 | Lair:2   | Found a white marble altar of Elyvilon.
 10827 | Lair:2   | Noticed an eight-headed hydra
 10846 | Lair:2   | Killed a 15-headed hydra
 10935 | Lair:2   | Identified the +3 hand axe of Nemelex Xobeh {heavy,
                  | *Corrode rF+++ Str+5 Int-3}
 10953 | Lair:2   | Reached skill level 20 in Axes
 11056 | Lair:2   | Found a staircase to the Snake Pit.
 12029 | Lair:3   | Found a staircase to the Swamp.
 12117 | Lair:3   | Reached XP level 13. HP: 125/125 MP: 13/13
 12453 | Lair:4   | Reached skill level 21 in Axes
 13075 | Lair:4   | Gained mutation: You have sharp fingernails. [potion of
                  | mutation]
 13075 | Lair:4   | Gained mutation: You are partially covered in iridescent
                  | scales. (AC +2) [potion of mutation]
 13075 | Lair:4   | Gained mutation: You are strong-willed. (Will+) [potion of
                  | mutation]
 13443 | Lair:5   | Entered Level 5 of the Lair of Beasts
 13451 | Lair:5   | Reached skill level 15 in Fighting
 13553 | Lair:5   | Reached skill level 22 in Axes
 13878 | Lair:5   | Found a staircase to the Slime Pits.
 13879 | Lair:5   | Found a viscous altar of Jiyva.
 14044 | Lair:5   | Reached skill level 23 in Axes
 14126 | Lair:5   | Reached XP level 14. HP: 137/137 MP: 14/14
 14418 | Lair:5   | Found a runed translucent gate.
 14418 | Lair:5   | Found a runed translucent gate.
 14418 | Lair:5   | Found a runed translucent gate.
 14427 | Lair:5   | Noticed bmack86's ghost (journeyman MiFi)
 14453 | Lair:5   | Killed bmack86's ghost
 14454 | Lair:5   | Reached skill level 24 in Axes
 15037 | D:11     | Noticed Psyche
 15050 | D:11     | Killed Psyche
 16318 | D:12     | Noticed Erolcha
 16319 | Abyss:2  | Cast into level 2 of the Abyss (Erolcha)
 16348 | Abyss:2  | Noticed a starcursed mass
 16500 | Abyss:2  | Noticed a bone dragon
 16503 | Abyss:2  | Noticed a starcursed mass
 16507 | Abyss:2  | Noticed a starcursed mass
 16512 | Abyss:2  | Paralysed by accursed screaming for 2 turns
 16607 | Abyss:2  | Found a corrupted altar of Lugonu.
 16626 | Abyss:2  | Noticed a tentacled starspawn
 16644 | Abyss:2  | Noticed a starcursed mass
 16647 | Abyss:2  | Killed a tentacled starspawn
 16668 | Abyss:2  | Reached skill level 25 in Axes
 16965 | D:12     | Escaped the Abyss
 16978 | D:12     | Killed Erolcha
 16979 | D:12     | Reached XP level 15. HP: 75/132 MP: 15/15
 16985 | D:12     | Noticed Snorg
 16998 | D:12     | Killed Snorg
 17114 | D:12     | Identified the amulet of Duireniym {Spirit -Tele rElec
                  | Int+3}
 17210 | D:12     | Gained mutation: You are weak. (Str -2) [a shining eye]
 17212 | D:12     | Gained mutation: You have hidden genetic potential. [a
                  | shining eye]
 17214 | D:12     | Gained mutation: Your flesh is heat resistant. (rF+) [a
                  | shining eye]
 17245 | D:12     | Reached skill level 26 in Axes
 17850 | D:12     | Noticed Maurice
 17862 | D:12     | Killed Maurice
 18316 | D:13     | Found a gate to the Vaults.
 18879 | D:14     | Reached skill level 5 in Shields
 19554 | D:15     | Entered Level 15 of the Dungeon
 19602 | D:15     | Found a glowing golden altar of the Shining One.
 19697 | D:15     | Found a gate leading to a gauntlet.
 19702 | Gauntlet | Entered a Gauntlet
 19702 | Gauntlet | Found a transporter.
 19708 | Gauntlet | Found a transporter.
 19710 | Gauntlet | Found a transporter.
 19721 | Gauntlet | Found a transporter.
 19724 | Gauntlet | Found a transporter.
 19733 | Gauntlet | Found a transporter.
 19749 | Gauntlet | Found a transporter.
 19760 | Gauntlet | Found a transporter.
 19767 | Gauntlet | Found a runed translucent door.
 19770 | Gauntlet | Found a transporter.
 19780 | Gauntlet | Found a runed translucent door.
 19784 | Gauntlet | Found a transporter.
 19784 | Gauntlet | Found a transporter.
 19812 | Gauntlet | Found a transporter.
 19869 | Gauntlet | Found a transporter.
 20044 | Gauntlet | Found a transporter.
 20308 | Gauntlet | Reached skill level 27 in Axes
 20363 | Gauntlet | Reached XP level 16. HP: 159/159 MP: 16/16
 20420 | Gauntlet | Identified the ring of Lugonu's Grace {rCorr Str-5 Int+6
                  | Dex+3 Stlth+}
 20420 | Gauntlet | Identified the +4 dagger of the Incandescent {heavy, +Blink
                  | rC+++ Str-5 Dex-2}
 20727 | D:15     | Lost mutation: You are weak. (Str -2) [hidden potential]
 20728 | D:15     | Found a portal to a secret trove of treasure.
 21042 | D:15     | Found a staircase to the Depths.
 21397 | Orc:1    | Entered Level 1 of the Orcish Mines
 21500 | Orc:2    | Entered Level 2 of the Orcish Mines
 21624 | Orc:2    | Found a frozen archway.
 21664 | IceCv    | Entered an ice cave
 22014 | IceCv    | Noticed an azure jelly
 22029 | IceCv    | Killed an azure jelly
 22045 | IceCv    | Found a viscous altar of Jiyva.
 22045 | IceCv    | Noticed an azure jelly
 22054 | IceCv    | Killed an azure jelly
 22085 | IceCv    | Identified the +1 ring mail of Atheism {rPois rC- rN+ SInv}
 22092 | IceCv    | Identified the amulet "Exam" {rN++ Regen+ rCorr Stlth-}
 22109 | IceCv    | Identified the +1 pair of gloves of the Equinox {rF+ rN+}
 22456 | Orc:2    | Found a staircase to the Elven Halls.
 22573 | Orc:2    | Noticed Donald
 22609 | Orc:2    | Reached skill level 10 in Shields
 22623 | Orc:2    | Killed Donald
 22942 | Orc:2    | Found Silae's Assorted Antiques.
 22942 | Orc:2    | Found Ekemilot's Magic Scroll Emporium.
 22944 | Orc:2    | Found Cuhar's Assorted Antiques.
 22946 | Orc:2    | Found Xexamaiwn's General Store.
 22950 | Orc:2    | Bought a potion of heal wounds for 160 gold pieces
 22950 | Orc:2    | Bought a bubbling cyan potion for 28 gold pieces
 22951 | Orc:2    | Bought a scroll of magic mapping for 112 gold pieces
 22951 | Orc:2    | Bought a scroll of enchant weapon for 112 gold pieces
 22951 | Orc:2    | Bought a scroll of teleportation for 45 gold pieces
 22951 | Orc:2    | Bought a scroll of teleportation for 45 gold pieces
 22954 | Orc:2    | Bought a clouded brass ring for 125 gold pieces
 22954 | Orc:2    | Identified the ring "Cazic" {rPois rC+ rCorr MP+9 Str-3}
                  | (You bought it in a shop on level 2 of the Orcish Mines)
 22954 | Orc:2    | Bought warped ice dragon scales for 1625 gold pieces
 22954 | Orc:2    | Identified the +0 ice dragon scales of the Manifold
                  | Artisans {rF- rC++ Stlth+} (You bought it in a shop on
                  | level 2 of the Orcish Mines)
 22967 | Orc:2    | Bought a potion of heal wounds for 85 gold pieces
 22967 | Orc:2    | Bought a scroll of magic mapping for 127 gold pieces
 23182 | Orc:1    | Found Korr's Antique Armour Shoppe.
 23216 | Orc:1    | Bought a pair of twisted boots for 275 gold pieces
 23216 | Orc:1    | Identified the +0 pair of boots "Faecsefa" {+Inv Int+3
                  | Stlth+} (You bought it in a shop on level 1 of the Orcish
                  | Mines)
 23592 | Snake:1  | Entered Level 1 of the Snake Pit
 23762 | Snake:1  | Reached XP level 17. HP: 169/172 MP: 17/17
 23974 | Snake:1  | Found a transporter.
 23990 | Snake:1  | Found a transporter.
 24198 | Snake:2  | Gained mutation: You are agile. (Dex +4, Str/Int -1)
                  | [hidden potential]
 24198 | Snake:2  | Lost mutation: You have hidden genetic potential. [hidden
                  | potential expressed]
 24236 | Snake:2  | Found Xaonux's Antique Armour Shoppe.
 24241 | Snake:2  | Found Folar's Assorted Antiques.
 24249 | Snake:2  | Bought 3 scrolls of enchant armour for 832 gold pieces
 24454 | Snake:2  | Found a basalt altar of Yredelemnul.
 25596 | Snake:3  | Identified the +2 robe of Inotef {Str+3}
 25804 | Snake:3  | Reached skill level 10 in Armour
 26082 | Swamp:1  | Entered Level 1 of the Swamp
 26698 | Swamp:1  | Reached XP level 18. HP: 175/185 MP: 18/18
 27158 | Swamp:2  | Noticed Louise
 27186 | Swamp:2  | Killed Louise
 28256 | Snake:4  | Entered Level 4 of the Snake Pit
 28286 | Snake:4  | Got the Folio of Exothermic Transfiguration
 28714 | Snake:4  | Noticed Vashnia
 28732 | Snake:4  | Killed Vashnia
 28796 | Snake:4  | Got a serpentine rune of Zot
 29609 | Swamp:4  | Entered Level 4 of the Swamp
 29667 | Swamp:4  | Reached XP level 19. HP: 166/198 MP: 19/19
 29903 | Swamp:4  | Noticed the 27-headed Lernaean hydra
 29917 | Swamp:4  | Killed the 27-headed Lernaean hydra
 29947 | Swamp:4  | Got a decaying rune of Zot
 30577 | Vaults:1 | Entered Level 1 of the Vaults
 30697 | Vaults:1 | Found Qoinuajo's Antique Weapon Boutique.
 31676 | Vaults:2 | Noticed Aizul
 31676 | Vaults:2 | Noticed Sojobo
 31702 | Vaults:2 | Killed Aizul
 31703 | Vaults:2 | Reached skill level 15 in Shields
 31718 | Vaults:2 | Paralysed by an air elemental for 1 turns
 31720 | Vaults:2 | Paralysed by an air elemental for 1 turns
 31722 | Vaults:2 | HP: 9/202 [Sojobo/bolt of lightning (39)]
 31723 | Vaults:2 | HP: 4/202 [air elemental/stunning burst[Sojobo] (7)]
 31723 | Vaults:2 | Killed from afar by an air elemental

Illustrated notes

Levels and vault maps discovered:
D:1:      elethiomel_arrival_quiet, layout_basic, glass_columns_c
D:2:      layout_basic, kennysheep_boxes
D:3:      layout_rooms, old_standard_altar, nicolae_qazlal_style_of_elements,
          ebering_ecumenical_altar_sacrificial, serial_shops,
          nicolae_shop_trees, minmay_misc_feat_rugged,
          kennysheep_generic_room_5, uniq_jessica, uniq_grinder
D:4:      layout_basic, minmay_overflow_temple_star_quad,
          minmay_temple_entry_overgrown, biasface_ghost_orc_armoury
D:5:      layout_basic, serial_shops, shop, st_stairs_9, uniq_ijyb,
          uniq_prince_ribbit1, uniq_eustachio
D:6:      layout_rooms, grunt_temple_overflow_opulence, minivault_4,
          kennysheep_generic_room_15
D:7:      layout_cave_pools, gammafunk_ghost_berserking_beasts
D:8:      layout_layer_cave, elyvilon_altar_4, nicolae_shop_firing_range
D:9:      layout_stronghold, mainiacjoe_overflow_catwalk,
          nicolae_overflow_two_pavilions, due_lair_maze_entry_diamond,
          hiddenorc2_lemuel, uniq_maggie
D:10:     layout_loops_corners, lemuel_doored_altar,
          nicolae_concentric_dashed_squares_wild, uniq_joseph
D:11:     erik_cavepeople, layout_loops_ring, hangedman_ranch
D:12:     minmay_concentric_multi, layout_loops_corners, uniq_maurice,
          uniq_snorg, uniq_psyche, uniq_erolcha
D:13:     layout_roguey, skrybe_vaults_entry_preservation
D:14:     layout_irregular_city, serial_bayou_shore_b
D:15:     gammafunk_enter_depths_forms, layout_loops_ring,
          amcnicky_mini_rare_corridor_liquid, gauntlet_entry_generic,
          enter_trove_2, nicolae_tso_carved_into_rock
Lair:1:   layout_gridlike, lemuel_fruit_fields, lemuel_fruit_tree,
          infiniplex_staircase_pool_2
Lair:2:   layout_chaotic_city, nicolae_snake_entry_warm_welcome, basic_altar
Lair:3:   layout_regular_city, minmay_swamp_entry_wisps
Lair:4:   layout_cave_shapes, st_stairs_5
Lair:5:   evilmike_catoblepas_cave, layout_regular_city, slime_entry_1,
          ebering_ghost_rock_garden, minivault_25
Swamp:1:  layout_basic_swamp, hangedman_swamp_ruin_wall, hangedman_swamp_pad
Swamp:2:  nicolae_swamp_decorative_isthmus, layout_basic_swamp,
          hangedman_swamp_ruin_hall, nicolae_swamp_drake_lake, uniq_louise
Swamp:3:  layout_falls_marsh, evilmike_swamp_ruin_house_3, swamp_pool4
Swamp:4:  grunt_swamp_rune_castle, layout_basic_swamp, infiniplex_staircase_pool
Snake:1:  gammafunk_sealed_arena, layout_misc_corridors
Snake:2:  layout_misc_corridors, basic_altar, nicolae_snake_gridmaze_big_u,
          minmay_shop_star
Snake:3:  layout_rooms
Snake:4:  grunt_snake_rune_serpentine_throne, layout_cave_town
Orc:1:    layout_diamond_mine, serial_shops, shop
Orc:2:    st_orc_rangers, layout_caves,
          portal_ice_cave_entry_animals_and_master, elves_outpost_lemuel,
          uniq_donald
Vaults:1: vaults_mumra_chevron, hangedman_vaults_capsules, grunt_vaults_bifocal,
          v_misc_32, grunt_vaults_hallway_long, vaults_mumra_hex,
          nicolae_vaults_three_branches, vaults_mumra_hexcomb,
          grunt_vaults_focal, layout_vaults_big_room, serial_shops,
          nicolae_shop_hallway_plus
Vaults:2: vaults_room_stairs_pillars, ontoclasm_vaults_echo, vaults_room_pools,
          v_misc_11, vaults_room_ringed_pool, v_misc_11, vaults_room_semicircle,
          hangedman_vaults_impose, layout_vaults_omnigrid, uniq_aizul,
          uniq_mara, uniq_frederick, uniq_sojobo

Skill      XL: |  1  2  3  4  5  6  7  8  9 10 11 12 13 14 15 16 17 18 19 |
---------------+----------------------------------------------------------+-----
Axes           | 3 4 5 6 7 8 10 12 15 18 20 23 25 27 | 27.0
Fighting       | 4 5 6 7 9 10 12 14 16 17 18 20 22 24 25 | 25.3
Armour         | 4 5 6 8 10 12 13 | 13.4
Shields        | 6 10 12 13 15 | 15.0

Action                     |  1- 3 |  4- 6 |  7- 9 | 10-12 | 13-15 | 16-18 | 19-21 || total
---------------------------+-------+-------+-------+-------+-------+-------+-------++-------
  Melee: War axe           |    85 |    77 |   194 |       |       |       |       ||   356
         Broad axe         |       |       |   119 |   559 |  1003 |  1453 |   368 ||  3502
 Invoke: Potion Petition   |       |       |       |     3 |     2 |       |     5 ||    10
  Evoke: Wand              |       |       |       |     7 |     1 |     2 |       ||    10
         Box of beasts     |       |       |       |       |       |     1 |     1 ||     2
         Phial of floods   |       |       |       |       |       |     1 |     1 ||     2
    Use: Potion            |       |       |     6 |     4 |     5 |     1 |       ||    16
         Scroll            |       |       |     5 |    10 |    12 |     6 |     3 ||    36
   Stab: Invisible         |       |       |     2 |       |       |       |     4 ||     6
         Distracted        |       |       |     1 |     6 |     8 |    12 |     5 ||    32
         Petrified         |       |       |       |       |     7 |       |       ||     7
         Petrifying        |       |       |       |       |     3 |       |       ||     3
 Armour: Scale mail        |    27 |       |       |       |       |       |       ||    27
         Chain mail        |    26 |    70 |   262 |   455 |   742 |   788 |   558 ||  2901
  Dodge: Dodged            |    30 |    34 |    84 |   170 |   299 |   534 |   273 ||  1424
  Block: Buckler           |    21 |    22 |    76 |   140 |   161 |       |       ||   420
         Kite shield       |       |       |       |       |   117 |  1089 |   422 ||  1628

Table legend: (Time is in decaauts)
 A = Elapsed time spent in this place.
 B = Non-inter-level travel time spent in this place.
 C = Inter-level travel time spent in this place.
 D = Time resting spent in this place.
 E = Time spent auto-exploring this place.
 F = Levels seen in this place.
 G = Mean time per level.
                   A        B        C        D        E       F      G
               +--------+--------+--------+--------+--------+-----+--------+
         Total |  31394 |  29413 |   1981 |   1328 |  20848 |  35 |  897.0 |
       Dungeon |  14929 |  14083 |    846 |   1201 |  10143 |  15 |  995.3 |
          Lair |   5422 |   4763 |    659 |     57 |   3809 |   5 | 1084.4 |
         Swamp |   2968 |   2798 |    170 |      0 |   1953 |   4 |  742.0 |
     Snake Pit |   3601 |   3322 |    279 |      0 |   2499 |   4 |  900.2 |
  Orcish Mines |   1510 |   1510 |      0 |      0 |    902 |   2 |  755.0 |
        Vaults |   1101 |   1076 |     25 |      0 |    832 |   2 |  550.5 |
         Abyss |    606 |    606 |      0 |     69 |    208 |   1 |  606.0 |
      Ice Cave |    540 |    540 |      0 |      0 |    226 |   1 |  540.0 |
      Gauntlet |    714 |    714 |      0 |      0 |    275 |   1 |  714.0 |
               +--------+--------+--------+--------+--------+-----+--------+

Top non-repeatable levels by time:
    D:10: 1924 daAuts
     D:8: 1462 daAuts
  Lair:5: 1375 daAuts
     D:9: 1310 daAuts
  Lair:2: 1215 daAuts
 Snake:4: 1164 daAuts
     D:4: 1156 daAuts
    D:12: 1126 daAuts
 Snake:2: 1085 daAuts
     D:5: 1071 daAuts
   Orc:2: 1031 daAuts
  Lair:3: 1021 daAuts
  Lair:4: 1013 daAuts
Vaults:1: 1011 daAuts
    D:15: 969 daAuts
